 Dungeon Crawl Stone Soup version 0.18.1-6-gd335043 (webtiles) character file.

5987 Moloch the Severer (level 10, 0/114 (115) HPs)
             Began as a Hill Orc Fighter on May 19, 2016.
             Was a Priest of Okawaru.
             Slain by a killer bee (1 damage)
             ... on level 9 of the Dungeon.
             The game lasted 00:14:10 (8957 turns).

Moloch the Severer (Hill Orc Fighter)               Turns: 8957, Time: 00:14:11

HP:   0/114 (115)   AC: 25    Str: 20    XL:     10   Next: 85%
MP:   10/10         EV:  2    Int:  8    God:    Okawaru [***...]
Gold: 561           SH:  9    Dex: 13    Spells: 0 memorised, 9 levels left

rFire  . . .     SeeInvis .     a - +0 war axe
rCold  . . .     Gourm    .     (armour currently unavailable)
rNeg   + + +     Faith    .     c - +0 shield
rPois  +         Spirit   .     (helmet currently unavailable)
rElec  .         Dismiss  .     (cloak currently unavailable)
rCorr  .         Reflect  .     (gloves currently unavailable)
SustAt .         Harm     .     (boots currently unavailable)
MR     .....     NoTele   +     (no amulet)
Stlth  ++........               (no ring)
                                B - ring "Qagiqu" {rN+ Stlth+}

@: lethally poisoned (0 -> -8), tree-form, drained, not resistant to hostile
enchantments, unstealthy
A: (antennae 0), (cold resistance 0), frail 1, teleportitis 1
a: Heroism, Renounce Religion


You were on level 9 of the Dungeon.
You worshipped Okawaru.
Okawaru was most pleased with you.
You were not hungry.
You were a tree.
You visited 2 branches of the dungeon, and saw 10 of its levels.

You collected 561 gold pieces.

Inventory:

Hand Weapons
 a - a +0 war axe (weapon)
Missiles
 y - 2 throwing nets (quivered)
Armour
 c - a +0 shield (worn)
 e - a +0 plate armour (melded)
 r - a +1 pair of gloves (melded)
Jewellery
 B - the ring "Qagiqu" (left branch) {rN+ Stlth+}
   (You found it on level 9 of the Dungeon)

   [ring of stealth]

   It protects you from negative energy.
   It makes you more stealthy.
Wands
 A - a wand of polymorph (12/24)
 E - a wand of enslavement (16/24)
 F - a wand of teleportation (3/9)
Scrolls
 b - 3 scrolls of amnesia {unknown}
 g - a scroll of blinking {unknown}
 h - 2 scrolls of random uselessness {unknown}
 i - 6 scrolls of identify
 l - 7 scrolls of remove curse
 q - a scroll of enchant weapon {unknown}
 s - 4 scrolls of fear {unknown}
 u - 3 scrolls of teleportation {unknown}
 w - a scroll of immolation {unknown}
 z - a scroll of magic mapping {unknown}
 G - a scroll of torment {unknown}
Potions
 d - 2 potions of might
 j - 2 potions of flight
 m - 3 potions of brilliance
 n - 2 potions of agility {unknown}
 o - a potion of invisibility
 x - 2 potions of curing
 C - 2 potions of berserk rage
 D - a potion of heal wounds
Comestibles
 f - 4 bread rations
 p - 6 fruits
 t - 2 beef jerkies
 H - 10 royal jellies
 I - a meat ration


   Skills:
 + Level 7.6(7.1) Fighting
 * Level 16.8(16.2) Axes
 + Level 7.2(6.7) Armour
 - Level 3.2(2.9) Shields


You had 9 spell levels left.
You didn't know any spells.

Dungeon Overview and Level Annotations

Branches:
Dungeon (9/15)             Temple (1/1) D:6
   Lair: D:8-11         Orc: D:9-12

Altars:
Ashenzari
Cheibriados
Dithmenos
Fedhas
Kikubaaqudgha
Makhleb
Okawaru
Pakellas
Qazlal
Ru
Sif Muna
Trog
Vehumet
Xom
Yredelemnul
Zin
The Shining One

Shops:
D:6 %


Innate Abilities, Weirdness & Mutations

((You have a pair of antennae on your head.))
((Your flesh is cold resistant.))
You are frail (-10% HP).
You are occasionally teleported next to monsters.


Message History

You barely miss the killer bee.
You hit the killer bee but do no damage.
You barely miss the killer bee.
The killer bee is lightly wounded.
You miss the killer bee.
The killer bee is severely wounded.
* * * LOW HITPOINT WARNING * * *
You feel sick.
The killer bee stings you but does no damage.
You block the killer bee's attack.
The killer bee stings you but does no damage. x3
Your shield prevents you from hitting the killer bee.
You miss the killer bee.
The killer bee is severely wounded.
You hit the killer bee.
The killer bee is moderately wounded.
You completely miss the killer bee.
* * * LOW HITPOINT WARNING * * *
You feel sick. The killer bee stings you.
You die...

# { { .# {
y##.# ##
..$ #y#y##
#y♣y.#
#.).)...#
....#...#.#
#...#.##.##
# ##. # ..
.. #.. . ..
...


You could see 4 killer bees.

Vanquished Creatures
  Joseph (D:7)
  Sigmund (D:2)
  A wyvern (D:8)
  3 yaks (D:9)
  A hippogriff (D:9)
  Menkaure (D:7)
  2 water moccasins (D:7)
  6 phantoms
  2 sky beasts
  2 orc warriors
  A necrophage (D:9)
  3 ogres
  3 centaurs
  A crocodile (D:7)
  7 giant frogs
  6 scorpions
  A wyvern skeleton (D:9)
  A water moccasin skeleton (D:8)
  12 killer bees
  8 wights
  2 howler monkeys
  A crimson imp (D:7)
  A giant frog zombie (D:6)
  3 hounds
  6 orc wizards
  5 orc priests
  4 giant frog skeletons
  4 jellies
  A centaur skeleton (D:5)
  3 worker ants
  An iguana (D:5)
  A hound skeleton (D:9)
  11 gnolls
  6 adders
  A howler monkey skeleton (D:7)
  2 shadow imps
  5 oozes (D:9)
  An adder skeleton (D:9)
  6 worms
  5 dart slugs
  6 giant geckos
  17 orcs
  8 bats
  7 giant cockroaches
  9 goblins
  9 hobgoblins
  5 jackals
  9 kobolds
  4 quokkas
  3 ball pythons
  2 giant newts
  A jackal skeleton (D:8)
  A quokka zombie (D:6)
  9 rats
222 creatures vanquished.

Vanquished Creatures (others)
  An angel (D:2)
1 creature vanquished.

Grand Total: 223 creatures vanquished

Notes
Turn   | Place    | Note
--------------------------------------------------------------
     0 | D:1      | Moloch the Hill Orc Fighter began the quest for the Orb.
     0 | D:1      | Reached XP level 1. HP: 19/19 MP: 1/1
     6 | D:1      | Reached skill level 3 in Axes
   236 | D:1      | Reached XP level 2. HP: 25/26 MP: 2/2
   316 | D:1      | Reached skill level 4 in Axes
   478 | D:1      | Reached XP level 3. HP: 29/31 MP: 3/3
   845 | D:2      | Found a basalt altar of Yredelemnul.
   914 | D:2      | Noticed Sigmund
   935 | D:2      | Killed Sigmund
   935 | D:2      | Reached skill level 7 in Axes
   935 | D:2      | Reached XP level 4. HP: 30/39 MP: 4/4
   935 | D:2      | Reached XP level 5. HP: 35/45 MP: 5/5
  1190 | D:2      | Killed an angel
  1465 | D:2      | Found a glowing silver altar of Zin.
  1466 | D:2      | Found a shimmering altar of Xom.
  1699 | D:3      | Found a burning altar of Makhleb.
  1715 | D:3      | Reached skill level 8 in Axes
  1715 | D:3      | Reached XP level 6. HP: 41/51 MP: 6/6
  1749 | D:3      | Found a shattered altar of Ashenzari.
  1897 | D:3      | Noticed a phantom
  1950 | D:3      | Killed a phantom
  1950 | D:3      | Reached skill level 9 in Axes
  2556 | D:4      | Reached XP level 7. HP: 57/57 MP: 7/7
  2611 | D:4      | Reached skill level 10 in Axes
  2693 | D:4      | Found an ancient bone altar of Kikubaaqudgha.
  2799 | D:4      | Reached skill level 11 in Axes
  2930 | D:4      | Reached XP level 8. HP: 46/66 MP: 8/8
  3306 | D:5      | Entered Level 5 of the Dungeon
  3331 | D:5      | Reached skill level 12 in Axes
  3360 | D:5      | Found an oddly glowing altar of Pakellas.
  3533 | D:5      | Identified Tiag's Volume of Mutagenic Beguiling
  3534 | D:5      | Found a blossoming altar of Fedhas.
  4271 | D:6      | Reached skill level 13 in Axes
  4385 | D:6      | Found Ynoerchej's Food Boutique.
  4403 | D:6      | Reached XP level 9. HP: 59/72 MP: 9/9
  4648 | D:6      | Found a deep blue altar of Sif Muna.
  4679 | D:6      | Found a staircase to the Ecumenical Temple.
  4688 | Temple   | Entered the Ecumenical Temple
  4719 | Temple   | Became a worshipper of Warmaster Okawaru
  4804 | D:6      | Reached skill level 5 in Fighting
  5273 | D:6      | Reached skill level 14 in Axes
  5822 | D:7      | Reached skill level 5 in Armour
  5846 | D:7      | Found a stormy altar of Qazlal.
  5888 | D:7      | Noticed Joseph
  5913 | D:7      | Killed Joseph
  5913 | D:7      | Reached * piety under Okawaru
  6131 | D:7      | Noticed Menkaure
  6146 | D:7      | Killed Menkaure
  6380 | D:7      | Reached skill level 15 in Axes
  6607 | D:7      | Reached ** piety under Okawaru
  6607 | D:7      | Reached XP level 10. HP: 83/83 MP: 10/10
  7996 | D:9      | Reached skill level 16 in Axes
  8300 | D:9      | Gained mutation: You have a pair of small antennae on your head. [mutagenic meat]
  8301 | D:9      | Gained mutation: Your body sometimes deteriorates upon taking damage. [mutagenic meat]
  8302 | D:9      | Gained mutation: You are agile. (Dex +2) [mutagenic meat]
  8303 | D:9      | Gained mutation: You have a pair of antennae on your head. [mutagenic meat]
  8304 | D:9      | Gained mutation: You are occasionally teleported next to monsters. [mutagenic meat]
  8305 | D:9      | Gained mutation: Your flesh is cold resistant. [potion of mutation]
  8305 | D:9      | Gained mutation: You are frail (-10% HP). [potion of mutation]
  8305 | D:9      | Gained mutation: Your spells are a little easier to cast, but a little less powerful. [potion of mutation]
  8306 | D:9      | Lost mutation: You are agile. (Dex +2) [potion of cure mutation]
  8306 | D:9      | Lost mutation: Your spells are a little easier to cast, but a little less powerful. [potion of cure mutation]
  8306 | D:9      | Lost mutation: Your body sometimes deteriorates upon taking damage. [potion of cure mutation]
  8340 | D:9      | Found a snail-covered altar of Cheibriados.
  8353 | D:9      | Reached *** piety under Okawaru
  8780 | D:9      | Got a translucent jade ring
  8781 | D:9      | Identified the ring "Qagiqu" {rN+ Stlth+} (You found it on level 9 of the Dungeon)
  8954 | D:9      | HP: 3/114 [killer bee (3)]
  8957 | D:9      | HP: 1/114 [poisoned by a killer bee]
  8957 | D:9      | Slain by a killer bee

Skill      XL: |  1  2  3  4  5  6  7  8  9 10 |
---------------+-------------------------------+-----
Axes           | 3 4 7 8 9 11 13 15 16 | 16.8
Fighting       | 4 6 7 |  7.6
Armour         | 4 6 7 |  7.2
Shields        | |  3.2

Action                   |  1- 3 |  4- 6 |  7- 9 | 10-12 || total
-------------------------+-------+-------+-------+-------++-------
Melee: War axe           |    94 |   169 |   438 |   311 ||  1012
Evoke: Wand              |       |       |     4 |       ||     4
  Use: Scroll            |       |       |     9 |       ||     9
       Potion            |       |       |     3 |     4 ||     7
  Eat: Chunk             |       |     5 |    14 |    13 ||    32
Armor: Scale mail        |    56 |     9 |       |       ||    65
       Chain mail        |       |    53 |   156 |       ||   209
       Skin              |       |       |    23 |    49 ||    72
       Plate armour      |       |       |    17 |   121 ||   138
Dodge: Dodged            |    34 |    27 |    67 |    24 ||   152
Block: Shield            |    51 |    67 |   171 |   125 ||   414
